 Dungeon Crawl Stone Soup version 0.27.0-1-g7a089689b8 (webtiles) character file.

Game seed: 2685314954406787844

91 sasquatch the Slasher (level 4, -4/41 HPs)
             Began as a Minotaur Fighter on Aug 5, 2021.
             Killed by divine providence
             ... invoked by an orc priest
              (9 damage)
             ... on level 3 of the Dungeon.
             The game lasted 00:01:37 (1841 turns).

sasquatch the Slasher (Minotaur Fighter)            Turns: 1841, Time: 00:01:38

Health: -4/41      AC:  6    Str: 22    XL:     4   Next: 34%
Magic:  3/3        EV:  7    Int:  5    God:
Gold:   110        SH:  9    Dex:  9    Spells: 3/3 levels left

rFire    . . .     SeeInvis .   a - +0 long sword
rCold    . . .     Faith    .   c - +0 kite shield
rNeg     . . .     Spirit   .   b - +0 scale mail
rPois    .         Reflect  .   (helmet restricted)
rElec    .         Harm     .   (no cloak)
rCorr    .         Rampage  .   (no gloves)
Will     .....                  (no boots)
Stlth    ..........             (no amulet)
HPRegen  0.13/turn              (no ring)
MPRegen  0.08/turn              (no ring)

@: no status effects
A: horns 2, retaliatory headbutt
a: no special abilities


You were on level 3 of the Dungeon.
You visited 1 branch of the dungeon, and saw 3 of its levels.

You collected 110 gold pieces.

Inventory:

Hand Weapons
 a - a +0 long sword (weapon)
Missiles
 e - 43 poisoned darts (quivered)
Armour
 b - a +0 scale mail (worn)
 c - a +0 kite shield (worn)
Scrolls
 f - a scroll of blinking {unknown}
 h - 2 scrolls of teleportation {unknown}
 i - a scroll of summoning {unknown}
 j - a scroll of amnesia {unknown}
 l - a scroll of fear {unknown}
Potions
 d - a potion of might
 g - a potion of curing {unknown}
 k - a potion of brilliance {unknown}


   Skills:
 + Level 4.6 Fighting
 * Level 4.8 Long Blades
 - Level 3.6 Armour
 - Level 3.6 Shields


You had 3 spell levels left.
You didn't know any spells.
Your spell library contained the following spells:

 Spells                   Type           Power      Damage    Failure   Level
 Stone Arrow              Conj/Erth      0%         3d7       100%        3
 Bolt of Magma            Conj/Fire/Erth 0%         4d4       100%        5
 Shatter                  Erth           0%         3d5*      100%        9


Dungeon Overview and Level Annotations

Branches:
Dungeon (3/15)

Altars:


Innate Abilities, Weirdness & Mutations

You have a pair of horns on your head.
You reflexively headbutt those who attack you in melee.


Message History

There are monsters nearby!
The orc shouts!
You hear a shout!
An orc comes into view. It is wielding a +0 war axe.
An orc comes into view. It is wielding a +0 dagger.
The orc shouts! x2
An orc priest comes into view. It is wielding a +0 flail.
The orc moves out of view.
The orc hits you with a +0 flail!
You closely miss the orc. You headbutt the orc.
You kill the orc!
You closely miss the orc. The orc hits you but does no damage.
You block the orc's attack.
You hit the orc.
You kill the orc!
The orc priest miscasts a cantrip.
The orc priest invokes the aid of Beogh against you.
Beogh smites you!
You closely miss the orc. Your headbutt misses the orc.
The orc priest miscasts a cantrip.
The orc hits you with a +0 war axe! You block the orc's attack.
You hit the orc.
The orc is almost dead.
The orc priest calls upon Beogh to heal the orc.
The orc is healed somewhat.
You block the orc's attack.
You hit the orc.
The orc is almost dead.
The orc priest mumbles some strange prayers to Beogh against you.
Beogh smites you!
* * * LOW HITPOINT WARNING * * *
The orc hits you but does no damage.
Your shield and scale mail prevent you from hitting the orc.
Your headbutt misses the orc.
The orc is almost dead.
The orc barely misses you.
You riposte.
You hit the orc.
You kill the orc!
The orc priest casts a cantrip, but nothing happens.
You barely miss the orc priest. You block the orc priest's attack.
The orc priest invokes the aid of Beogh against you.
Beogh smites you!
You die...

..##..#######.#.#
.####...........#
.# #.#######...#
## #.# #...## #
#.# #....# # #
#.# ##...###...
### #.#
#.........
..###.#
##..######
...##.# ##@#
...##.####### #o#
............. .o.
..###.#######
..... ..#...#
#...... ..#.###
#.....## ###.#
#####.#
#.######.. ..
###........#


You could see 2 orc priests.

Vanquished Creatures
  Jessica (D:2)
  A dart slug (D:1)
  5 orcs (D:3)
  4 bats
  An endoplasm (D:1)
  9 hobgoblins
  7 jackals (D:1)
  9 kobolds
  4 quokkas
  3 ball pythons (D:1)
  A frilled lizard (D:1)
  4 goblins
  4 rats
53 creatures vanquished.

Notes
Turn   | Place    | Note
-------+----------+-------------------------------------------
     0 | D:1      | sasquatch the Minotaur Fighter began the quest for the Orb.
     0 | D:1      | Reached XP level 1. HP: 19/19 MP: 0/0
    63 | D:1      | Reached XP level 2. HP: 27/27 MP: 1/1
   523 | D:1      | Reached XP level 3. HP: 32/33 MP: 2/2
   956 | D:2      | Noticed Jessica
   960 | D:2      | Killed Jessica
  1151 | D:2      | Reached XP level 4. HP: 41/41 MP: 3/3
  1476 | D:2      | Found a faded altar of an unknown god.
  1841 | D:3      | Killed from afar by an orc priest

Illustrated notes

Levels and vault maps discovered:
D:1:      minmay_arrival_solitary_statue, layout_loops_ring
D:2:      cheibrodos_greedy_goblins, layout_loops_ring,
          shapermc_ecumenical_altar_petra, minmay_misc_feat_roman, uniq_jessica
D:3:      layout_rooms, kennysheep_crisscross, roderic_batcave,
          mrwooster_statue_mirror, minmay_ruptured

Skill      XL: |  1  2  3 |
---------------+----------+-----
Long Blades    | 3 4 |  4.8
Fighting       | 4 |  4.6
Armour         | |  3.6
Shields        | |  3.6

Action                   |  1- 3 |  4- 6 || total
-------------------------+-------+-------++-------
Melee: Long sword        |    73 |    38 ||   111
       Headbutt          |     9 |     5 ||    14
Armor: Scale mail        |    44 |    20 ||    64
Dodge: Dodged            |    28 |     7 ||    35
Block: Kite shield       |    37 |    18 ||    55
       Rpst.: Long sword |    11 |     2 ||    13
